 Dungeon Crawl Stone Soup version 0.30-a0-509-gd016549fea (webtiles) character file.

Game seed: 1344348412572767366

3257 XLettuce the Chiller (level 10, -18/71 HPs)
             Began as a Human Ice Elementalist on Dec 22, 2022.
             Was a Follower of Ashenzari.
             Demolished by an orc warlord
             ... wielding a +4 battleaxe
              (27 damage)
             ... in a bailey.
             The game lasted 00:44:02 (6443 turns).

XLettuce the Chiller (Human Ice Elementalist)       Turns: 6443, Time: 00:44:02

Health: -18/71     AC: 18    Str:  9    XL:     10   Next: 19%
Magic:  8/18       EV: 14    Int: 20    God:    Ashenzari [*.....]
Gold:   302        SH:  0    Dex: 13    Spells: 4/20 levels left

rFire   . . .      SeeInvis .    E - +1 long sword
rCold   + . .      Faith    .    (no shield)
rNeg    . . .      Spirit   .    F - +0 steam dragon scales
rPois   .          Reflect  .    t - +1 helmet
rElec   .          Harm     .    (no cloak)
rCorr   .          Rampage  .    n - +2 pair of gloves
Will    .....                    (no boots)
Stlth   +++.......               k - amulet of Curses and Power {Regen+, Cun, Evo} (curse)
HPRegen 1.11/turn                l - ring of the Ruined Secrets {rC+, Cun, Comp} (curse)
MPRegen 0.16/turn                (no ring)

@: ice-armoured, about to teleport, hasted, very quick
A: no striking features
a: Renounce Religion, Curse Item, Shatter the Chains


You were in a bailey.
You worshipped Ashenzari.
Ashenzari was aware of your devotion.
You visited 1 branch of the dungeon, and saw 7 of its levels.
You also visited: Bailey.

You collected 302 gold pieces.

Inventory:

Hand Weapons
 h - a +0 great sword
 x - a +1 flail of venom
 y - a +0 vampiric short sword
 D - a +2 dagger
 E - a +1 long sword (weapon)
 G - a +0 war axe of flaming
 I - a +1 vorpal scimitar
Missiles
 c - 2 javelins
Armour
 a - a +0 pair of gloves
 g - a +1 scale mail of cold resistance
 n - a +2 pair of gloves (worn)
 t - a +1 helmet (worn)
 F - +0 steam dragon scales (worn)
Jewellery
 k - the cursed amulet of Curses and Power (around neck) {Regen+, Cun, Evo}
   (You found it on level 1 of the Dungeon)

   [amulet of regeneration]

   Regen:     It increases your rate of health regeneration.
   It has a curse which improves the following skills: Cunning: Dodging and
   Stealth.
   Evocations: Evocations.
 l - the cursed ring of the Ruined Secrets (left hand) {rC+, Cun, Comp}
   (You found it on level 1 of the Dungeon)

   [ring of protection from cold]

   rC:        It protects you from cold.
   It has a curse which improves the following skills: Cunning: Dodging and
   Stealth.
   Companions: Summonings and Necromancy.
Wands
 q - a wand of light (6)
 v - a wand of roots (6)
 B - a wand of flame (10)
Scrolls
 f - 2 scrolls of identify
 j - a scroll of enchant weapon
 o - 2 scrolls of vulnerability
 s - a scroll of noise
 z - a scroll of summoning
 A - a scroll of immolation
Potions
 b - a potion of magic
 d - 3 potions of might
 e - 3 potions of degeneration
 i - 2 potions of brilliance
 p - 3 potions of invisibility
 r - a potion of berserk rage
 u - 3 potions of haste
 w - a potion of attraction
 C - 2 potions of mutation
 H - 3 potions of flight


   Skills:
 + Level 4.0 Fighting
 + Level 3.8 Armour
 + Level 4.6(5.9) Dodging
 + Level 5.0(6.3) Stealth
 * Level 5.9 Spellcasting
 * Level 4.0 Conjurations
 + Level 1.9(2.5) Summonings
 * Level 4.9 Fire Magic
 * Level 6.7 Ice Magic


You had 4 spell levels left.
You knew the following spells:

 Your Spells              Type           Power      Damage    Failure   Level
a - Freeze                Ice            100%       1d10      1%          1
b - Frozen Ramparts       Ice            64%        1d10      1%          3
c - Ozocubu's Armour      Ice            32%        N/A       1%          3
d - Fireball              Conj/Fire      11%        3d7       43%         5
e - Summon Ice Beast      Ice/Summ       24%        N/A       16%         4

Your spell library contained the following spells:

 Spells                   Type           Power      Damage    Failure   Level
 Dazzling Flash           Conj/Hex       26%        N/A       14%         3
 Iskenderun's Battlesphe  Conj           22%        2d8       50%         5
 Agony                    Necr           6%         N/A       96%         5
 Silence                  Hex/Air        2%         N/A       96%         5
 Ozocubu's Refrigeration  Ice            16%        4d11      99%         7
 Conjure Ball Lightning   Conj/Air       6%         3x3d6     100%        6
 Orb of Destruction       Conj           11%        9d6       100%        7


Dungeon Overview and Level Annotations

Branches:
Dungeon (7/15)             Temple (0/1) D:5          Bailey (1/1)

Altars:
Ashenzari
Elyvilon
Nemelex Xobeh
Uskayaw
Yredelemnul

Annotations:
D:4 Grinder


Message History

Press: ? - help, Shift-Dir - straight line, f/p - orc warlord
Aim: an orc warlord, wielding a +4 battleaxe and wearing a +0 plate armour (lightly wounded)
You freeze the orc warlord!
The orc warlord is moderately wounded.
The goblin barely misses you. The orc warlord completely misses you.
Casting: Freeze (safe; 1% risk of failure)
Confirm with . or Enter, or press ? or * to list all spells.
Aiming: Freeze (safe; 1% risk of failure)
Press: ? - help, Shift-Dir - straight line, f/p - orc warlord
Aim: an orc warlord, wielding a +4 battleaxe and wearing a +0 plate armour (moderately wounded)
You freeze the orc warlord.
The orc warlord is moderately wounded.
The goblin barely misses you.
The orc warlord hits you with a +4 battleaxe!!
Your icy armour will break if you move.
Continue? [Y]es or [N]o only, please.
Your icy armour will break if you move.
Continue?
Okay, then.
As you read the scroll of teleportation, it crumbles to dust.
You feel strangely unstable. The goblin barely misses you.
The orc warlord hits you with a +4 battleaxe!!
* * * LOW HITPOINT WARNING * * *
You feel better. The goblin closely misses you. The orc warlord misses you.
Casting: Freeze (safe; 1% risk of failure)
Confirm with . or Enter, or press ? or * to list all spells.
Okay, then.
Casting: Freeze (safe; 1% risk of failure)
Confirm with . or Enter, or press ? or * to list all spells.
Casting: Frozen Ramparts (safe; 1% risk of failure)
Press: ? - help, Dir - look around, f - activate
Okay, then.
Casting: Frozen Ramparts (safe; 1% risk of failure)
Confirm with . or Enter, or press ? or * to list all spells.
Aiming: Freeze (safe; 1% risk of failure)
Press: ? - help, Shift-Dir - straight line, f/p - orc warlord
Aim: an orc warlord, wielding a +4 battleaxe and wearing a +0 plate armour (moderately wounded)
Okay, then.
You feel yourself speed up. The goblin completely misses you.
The orc warlord hits you with a +4 battleaxe!!
You die...

.....#~~~~~#..........#
8....'.....'..........#
...#########......8...#
..##~~~ ~ ####......##
..#~=... .~#~~#.))(.##
..#~?........~#....##
..##8.8...8.8~##...#
...#.........~~g...#
...#....∩....~~o@..#
...#o........~~'...#
..##8.8...8.8~##...#
..#~!.. .....~#....##
..# |.. .~#~~#.....##
..## ~~ ~~####......##
...#########..(...8...#
8....'.....')).)).....#
.....#~~~~~#.).(......#


You could see an orc warlord and a goblin.

Vanquished Creatures
  Maggie (D:6)
  The ghost of xzight the Magician, an amateur DjFE (D:4)
  A wyvern (D:6)
  A steam dragon (D:7)
  Edmund (D:3)
  2 water moccasins
  An orc warrior (Bailey)
  Pargi (D:4)
  4 ice beasts
  A black bear (D:4)
  A kobold brigand (D:6)
  A bullfrog (D:6)
  4 scorpions
  6 wights
  3 howler monkeys (D:7)
  2 hounds
  2 orc priests (D:5)
  2 jellies (D:6)
  A gnoll bouda (D:6)
  2 iguanas
  5 orc wizards
  4 adders
  6 gnolls
  A white imp (D:6)
  An ufetubus (D:5)
  2 dart slugs
  13 orcs
  11 ball pythons
  4 endoplasms
  A giant cockroach (D:3)
  12 goblins
  10 hobgoblins
  2 jackals (D:2)
  13 kobolds
  A quokka (D:4)
  5 bats
  4 frilled lizards
  4 rats
137 creatures vanquished.

Vanquished Creatures (collateral kills)
  An orc warrior (Bailey)
  A phantom (D:6)
  2 gnolls
  2 kobolds
6 creatures vanquished.

Grand Total: 143 creatures vanquished

Notes
Turn   | Place    | Note
-------+----------+-------------------------------------------
     0 | D:1      | XLettuce the Human Ice Elementalist began the quest for the
                  | Orb.
     0 | D:1      | Reached XP level 1. HP: 13/13 MP: 3/3
   144 | D:1      | Found a faded altar of an unknown god.
   256 | D:1      | Reached XP level 2. HP: 10/19 MP: 3/5
  1318 | D:2      | Reached XP level 3. HP: 25/25 MP: 4/6
  1784 | D:2      | Learned a level 3 spell: Frozen Ramparts
  2105 | D:3      | Found a white marble altar of Elyvilon.
  2166 | D:3      | Reached XP level 4. HP: 31/31 MP: 3/7
  2291 | D:3      | Learned a level 3 spell: Ozocubu's Armour
  2423 | D:3      | Found a sparkling altar of Nemelex Xobeh.
  2524 | D:3      | Found a hide-covered altar of Uskayaw.
  2525 | D:3      | Found a basalt altar of Yredelemnul.
  2667 | D:4      | Reached skill level 1 in Fighting
  2705 | D:4      | Found a broken altar of Ashenzari.
  2715 | D:4      | Became a worshipper of Ashenzari the Shackled
  2722 | D:4      | Noticed a scorpion
  2727 | D:4      | Killed a scorpion
  2728 | D:4      | Reached skill level 1 in Armour
  2728 | D:4      | Reached XP level 5. HP: 37/37 MP: 3/9
  2851 | D:4      | Noticed a black bear
  2963 | D:4      | Killed a black bear
  2964 | D:4      | Reached XP level 6. HP: 32/43 MP: 6/10
  3113 | D:4      | Reached skill level 5 in Ice Magic
  3227 | D:4      | Noticed Grinder
  3229 | D:4      | Noticed Edmund
  3231 | D:4      | Paralysed by Grinder for 4 turns
  3264 | D:3      | HP: 2/43 [poisoned by Edmund]
  3267 | D:3      | Killed Edmund
  3358 | D:4      | Paralysed by Grinder for 4 turns
  3370 | D:3      | Learned a level 5 spell: Fireball
  3518 | D:4      | Reached XP level 7. HP: 48/49 MP: 8/12
  3802 | D:4      | Noticed Pargi
  3859 | D:4      | Killed Pargi
  3860 | D:4      | Reached skill level 1 in Fire Magic
  3937 | D:4      | Found a runed translucent door.
  3937 | D:4      | Noticed xzight's ghost (amateur DjFE)
  3971 | D:4      | Killed xzight's ghost
  3972 | D:4      | Reached XP level 8. HP: 46/57 MP: 1/14
  4061 | D:5      | Entered Level 5 of the Dungeon
  4398 | D:5      | HP: 2/40 [wight/+0 great sword (11)]
  4403 | D:5      | Reached skill level 1 in Conjurations
  4695 | D:5      | Found a staircase to the Ecumenical Temple.
  4881 | D:5      | Reached XP level 9. HP: 30/59 MP: 10/16
  5086 | D:6      | Reached skill level 5 in Spellcasting
  5092 | D:6      | Learned a level 4 spell: Summon Ice Beast
  5272 | D:6      | Reached skill level 6 in Ice Magic
  5306 | D:6      | Noticed Maggie
  5319 | D:6      | Killed Maggie
  5320 | D:6      | Reached skill level 1 in Summonings
  6133 | D:7      | Reached XP level 10. HP: 66/71 MP: 18/18
  6167 | D:7      | Found a flagged portal.
  6176 | D:7      | Reached skill level 5 in Stealth
  6184 | Bailey   | Entered a bailey
  6259 | Bailey   | Noticed an orc warlord
  6262 | Bailey   | Reached * piety under Ashenzari
  6262 | Bailey   | Identified the ring of Dishonour {rElec MP+9 EV+4 Str+2}
  6353 | Bailey   | Found a runed translucent gate.
  6355 | Bailey   | Found a runed translucent gate.
  6358 | Bailey   | Found a runed translucent gate.
  6441 | Bailey   | HP: 1/71 [orc warlord/+4 battleaxe (22)]
  6443 | Bailey   | Demolished by an orc warlord

Illustrated notes

Levels and vault maps discovered:
D:1:      co_arrival_random_square_maze, layout_basic, basic_ecumenical_altar
D:2:      layout_loops_cross
D:3:      layout_rooms, amethyst_overflow_temple_binary,
          mainiacjoe_overflow_paths, nemelex_xobeh_ov_fountains_minmay,
          nicolae_concentric_dashed_squares_wild
D:4:      layout_gridville, mainiacjoe_overflow_surrounded_room,
          ebering_ghost_inner_flame, uniq_pargi, uniq_edmund, uniq_grinder
D:5:      layout_loops_ring, minmay_temple_entry_from_below_a
D:6:      layout_basic, uniq_maggie
D:7:      layout_loops_ring, chequers_temple_overflow_statue_of_worship,
          enter_bailey_3
Bailey:   bailey_axe_bossmonster_kennysheep, bailey

Skill      XL: |  1  2  3  4  5  6  7  8  9 10 |
---------------+-------------------------------+-----
Fighting       | 1 2 3 4 |  4.0
Armour         | 1 2 3 |  3.8
Spellcasting   | 3 4 5 |  5.9
Ice Magic      | 5 6 |  6.7
Stealth        | 3 4 5 |  5.0
Dodging        | 3 4 |  4.6
Fire Magic     | 2 3 4 |  4.9
Conjurations   | 1 3 4 |  4.0
Summonings     | 1 |  1.9

Action                   |  1- 3 |  4- 6 |  7- 9 | 10-12 || total
-------------------------+-------+-------+-------+-------++-------
Melee: Unarmed           |    19 |       |       |       ||    19
       Punch             |     2 |       |     1 |     1 ||     4
       Dagger            |    42 |    20 |    55 |       ||   117
       Flail             |       |     9 |    76 |       ||    85
       Long sword        |       |       |    44 |    32 ||    76
 Cast: Freeze            |    40 |    39 |   129 |    23 ||   231
       Frozen Ramparts   |     1 |       |     3 |     3 ||     7
       Ozocubu's Armour  |       |       |    11 |     3 ||    14
       Summon Ice Beast  |       |       |     4 |     2 ||     6
Invok: Curse Item        |       |       |     1 |     1 ||     2
  Use: Potion            |       |     2 |     4 |     2 ||     8
       Scroll            |       |       |     7 |     3 ||    10
 Stab: Sleeping          |     2 |     5 |     5 |       ||    12
       Distracted        |       |       |     1 |       ||     1
Armor: Robe              |     5 |       |       |       ||     5
       Leather armour    |    24 |    17 |    74 |       ||   115
       Steam dragon scal |       |       |    40 |    27 ||    67
Dodge: Dodged            |    55 |    52 |   216 |    65 ||   388

Table legend: (Time is in decaauts)
 A = Elapsed time spent in this place.
 B = Non-inter-level travel time spent in this place.
 C = Inter-level travel time spent in this place.
 D = Time resting spent in this place.
 E = Time spent auto-exploring this place.
 F = Levels seen in this place.
 G = Mean time per level.
                   A        B        C        D        E       F      G
               +--------+--------+--------+--------+--------+-----+--------+
         Total |   6512 |   6378 |    134 |   1334 |   2998 |   8 |  814.0 |
       Dungeon |   6244 |   6110 |    134 |   1244 |   2998 |   7 |  892.0 |
        Bailey |    267 |    267 |      0 |     90 |      0 |   1 |  267.0 |
               +--------+--------+--------+--------+--------+-----+--------+

Top non-repeatable levels by time:
     D:4: 1339 daAuts
     D:1: 1237 daAuts
     D:6: 1060 daAuts
     D:5: 955 daAuts
     D:2: 843 daAuts
     D:3: 669 daAuts
  Bailey: 267 daAuts
     D:7: 139 daAuts
